 Dungeon Crawl Stone Soup version 0.23-a0-405-g368ce007a8 (webtiles) character file.

48451 Napalmbreeze the Eclecticist (level 14, 0/84 HPs)
             Began as a Deep Elf Fire Elementalist on Nov 6, 2018.
             Was an Elder of Vehumet.
             Slain by a dire elephant (17 damage)
             ... on level 6 of the Lair of Beasts.
             The game lasted 01:08:50 (26400 turns).

Napalmbreeze the Eclecticist (DEFE)                Turns: 26400, Time: 01:08:50

Health: 0/84       AC: 10    Str:  5    XL:     14   Next: 12%
Magic:  7/35       EV: 37    Int: 26    God:    Vehumet [****..]
Gold:   714        SH:  0    Dex: 15    Spells: 22/43 levels left

rFire    . . .     SeeInvis .   y - staff of energy
rCold    . . .     Gourm    .   (no shield)
rNeg     . . .     Faith    .   o - +2 robe
rPois    .         Spirit   .   I - +2 helmet
rElec    .         Reflect  .   u - +0 cloak
rCorr    .         Harm     .   (no gloves)
MR       +....                  P - +0 pair of boots
Stlth    ++........             G - amulet of the acrobat
HPRegen  0.24/turn              n - ring of wizardry
MPRegen  0.24/turn              g - +4 ring of evasion

@: no status effects
A: no striking features
a: Renounce Religion


You were on level 6 of the Lair of Beasts.
You worshipped Vehumet.
Vehumet was greatly pleased with you.
You were not hungry.

You visited 3 branches of the dungeon, and saw 18 of its levels.

You collected 1299 gold pieces.
You spent 585 gold pieces at shops.

Inventory:

Hand Weapons
 s - a +1 whip of electrocution
Armour
 o - a +2 robe (worn)
 u - a +0 cloak (worn)
 I - a +2 helmet (worn)
 P - a +0 pair of boots (worn)
Magical Staves
 y - an uncursed staff of energy (weapon)
Jewellery
 g - a +4 ring of evasion (right hand)
 n - a ring of wizardry (left hand)
 B - an uncursed ring of protection from magic
 G - an amulet of the acrobat (around neck)
 T - an uncursed ring of protection from cold
Wands
 f - a wand of polymorph (8)
 v - a wand of acid (18)
 J - a wand of iceblast (5)
 K - a wand of scattershot (11)
 L - a wand of disintegration (11)
 O - a wand of paralysis (16)
 U - a wand of flame (10)
Scrolls
 a - a scroll of identify
 b - 2 scrolls of random uselessness
 d - a scroll of holy word {unknown}
 e - 5 scrolls of remove curse
 i - 3 scrolls of blinking
 m - 2 scrolls of teleportation
 q - a scroll of amnesia
 r - 4 scrolls of magic mapping
 t - 6 scrolls of enchant weapon
 x - 2 scrolls of fear
 C - a scroll of summoning
 F - 2 scrolls of fog
Potions
 h - 3 potions of brilliance
 j - 2 potions of invisibility
 k - 2 potions of heal wounds
 l - 5 potions of agility
 p - 2 potions of might
 w - a potion of lignification
 z - 2 potions of berserk rage
 A - a potion of cancellation {unknown}
 D - 5 potions of curing {unknown}
 E - 2 potions of ambrosia {unknown}
 H - a potion of haste {unknown}
 M - a potion of mutation {unknown}
 Q - 3 potions of degeneration {unknown}
Comestibles
 c - 28 rations


   Skills:
 + Level 8.8 Fighting
 - Level 5.9 Armour
 + Level 9.5 Dodging
 - Level 2.4 Stealth
 + Level 15.2 Spellcasting
 + Level 11.4 Conjurations
 - Level 10.0 Fire Magic
 + Level 3.9 Ice Magic
 + Level 3.3 Air Magic
 - Level 8.0 Evocations


You had 22 spell levels left.
You knew the following spells:

 Your Spells              Type           Power        Failure   Level  Hunger
a - Flame Tongue          Conj/Fire      #####        1%          1    None
d - Conjure Flame         Conj/Fire      ######..     1%          3    None
e - Fireball              Conj/Fire      ######....   1%          5    None
f - Sticky Flame          Conj/Fire      ######..     1%          4    None
s - Throw Flame           Conj/Fire      ######       1%          2    None
w - Freezing Cloud        Conj/Ice/Air   ######....   3%          6    None

Your spell library contained the following spells:

 Spells                   Type           Power        Failure   Level  Hunger
 Force Lance              Conj/Tloc      #####...     1%          4    None
 Animate Skeleton         Necr           N/A          1%          1    None
 Apportation              Tloc           ###...       1%          1    None
 Beastly Appendage        Tmut           ###...       1%          1    None
 Confusing Touch          Hex            ###...       1%          1    None
 Corona                   Hex            ###....      1%          1    None
 Summon Small Mammal      Summ           ###.         1%          1    None
 Poisonous Vapours        Pois/Air       ####..       1%          2    None
 Slow                     Hex            ###.....     1%          2    None
 Sticks to Snakes         Tmut           ###.....     1%          2    None
 Inner Flame              Hex/Fire       #####...     1%          3    None
 Mephitic Cloud           Conj/Pois/Air  #####...     1%          3    None
 Confuse                  Hex            ###.....     3%          3    None
 Gell's Gravitas          Tloc           ###.......   3%          3    None
 Portal Projectile        Hex/Tloc       ###...       3%          3    None
 Spider Form              Tmut/Pois      ###.......   3%          3    None
 Ice Form                 Ice/Tmut       ####....     4%          4    None
 Yara's Violent Unravell  Hex/Tmut       ###.......   9%          5    None
 Cause Fear               Hex            ###.......   11%         4    None
 Leda's Liquefaction      Hex/Erth       ###.......   11%         4    None
 Petrify                  Tmut/Erth      ###.....     11%         4    None
 Metabolic Englaciation   Hex/Ice        ####......   13%         5    None
 Blade Hands              Tmut           ###.......   28%         5    None
 Ring of Flames           Chrm/Fire      #####.....   71%         7    None


Dungeon Overview and Level Annotations

Branches:
Dungeon (11/15)            Temple (1/1) D:5            Lair (6/6) D:11
 Shoals (0/4) Lair:4        Snake (0/4) Lair:2        Slime (0/5) Lair:6
    Orc: D:9-12

Altars:
Ashenzari
Cheibriados
Dithmenos
Elyvilon
Fedhas
Gozag
Hepliaklqana
Kikubaaqudgha
Makhleb
Nemelex Xobeh
Okawaru
Qazlal
Ru
Sif Muna
Trog
Uskayaw
Vehumet
Wu Jian
Xom
Yredelemnul
Zin
The Shining One
Jiyva

Shops:
D:7 (   D:8 :   D:10 ?


Message History

The dire elephant burns!
The dire elephant burns!
The dire elephant burns!
The dire elephant stops burning.
Casting: Sticky Flame (safe; 1% risk of failure)
Confirm with . or Enter, or press ? or * to list all spells.
Aiming: Sticky Flame (safe; 1% risk of failure)
Press: ? - help, Shift-Dir - straight line, f/p - dire elephant
Aim: a dire elephant (severely wounded)
The sticky flame hits the dire elephant.
The dire elephant appears unharmed.
The dire elephant is severely wounded.
The dire elephant is covered in liquid flames!
The dire elephant burns!
The dire elephant tramples you!
* * * LOW HITPOINT WARNING * * *
You stumble backwards!
The dire elephant burns!
The dire elephant burns!
The dire elephant burns!
The dire elephant stops burning.
The dire elephant tramples you!
You die...

...#......###......#.#
..P###.#..###.......##
####...#...##......##
#....#...#........#
####...#...##......P#
#..#.###..###......##
...#.....P###......###
.....#....##....Y....#
........####....@...##
....#....# ##........#
#.###P..## #......###
....##### ##.......##
#...# #.........#
#...# #.........#
##### #........##
...#* , #........P#
....#,,,, #........##


You could see a dire elephant.

Vanquished Creatures
  Gastronok (D:10)
  2 entropy weavers (Lair:4)
  3 hydras
  A catoblepas (Lair:6)
  Erica (D:9)
  A two-headed ogre (D:11)
  5 death yaks (Lair:6)
  The ghost of viktor89 the Covert, a journeyman SpEn of Dithmenos (Lair:2)
  A queen ant (Lair:4)
  Nergalle (D:10)
  Pikel (D:4)
  A lindwurm (Lair:6)
  An ugly thing (D:11)
  A manticore (Lair:4)
  10 elephants
  A centaur zombie (D:10)
  4 black mambas
  9 spiny frogs
  A torpor snail (Lair:6)
  6 rime drakes
  5 komodo dragons
  A troll (D:11)
  Grinder (D:6)
  A hornet (D:10)
  7 dream sheep (Lair:6)
  11 hippogriffs
  9 blink frogs
  A wyvern (Lair:3)
  Sigmund (D:6)
  4 basilisks
  A hungry ghost (D:11)
  13 yaks
  Grum (D:10)
  Menkaure (D:6)
  3 nagas (Lair:2)
  8 soldier ants
  8 water moccasins
  4 porcupines
  2 sky beasts
  Duvessa (D:6)
  2 orc warriors
  2 slaves (D:4)
  5 black bears
  3 ice beasts
  8 ogres
  3 centaurs
  A necrophage (D:8)
  56 wolves
  10 crocodiles
  A big kobold (D:10)
  Blork the orc (D:4)
  19 bullfrogs
  Dowan (D:6)
  A wyvern skeleton (D:7)
  2 scorpions
  8 wights
  4 electric eels
  2 howler monkeys
  13 crimson imps
  A jelly (D:7)
  A bullfrog zombie (D:10)
  2 quasits (D:10)
  3 centaur skeletons
  5 orc priests
  Crazy Yiuf (D:4)
  11 hounds
  3 bullfrog skeletons
  4 iguanas
  24 worker ants
  Natasha (twice) (D:3)
  7 orc wizards
  4 hell rats (D:8)
  2 hound zombies
  2 hound skeletons
  2 gnolls (D:4)
  15 adders
  A howler monkey skeleton (D:6)
  9 river rats
  4 shadow imps
  An ooze (D:3)
  7 worms
  2 dart slugs
  8 leopard geckos
  30 orcs
  3 bats
  5 giant cockroaches
  5 hobgoblins
  6 jackals
  12 quokkas
  A ball python (D:3)
  9 frilled lizards
  4 goblins
  10 kobolds
  3 leopard gecko skeletons
  A quokka skeleton (D:4)
  A quokka zombie (D:6)
  22 rats
  A bush (Lair:5)
  2 fungi (Lair:6)
513 creatures vanquished.

Vanquished Creatures (others)
  A slave (D:4)
  An ogre (D:4)
  An orc wizard (D:4)
  A hound (D:4)
  2 gnolls (D:4)
  10 fungi
  7 plants
23 creatures vanquished.

Grand Total: 536 creatures vanquished

Notes
Turn   | Place    | Note
-------+----------+-------------------------------------------
     0 | D:1      | Napalmbreeze the Deep Elf Fire Elementalist began the quest
                  | for the Orb.
     0 | D:1      | Reached XP level 1. HP: 10/10 MP: 6/6
   216 | D:1      | Reached XP level 2. HP: 15/15 MP: 5/8
  1018 | D:1      | Learned a level 2 spell: Throw Flame
  1022 | D:2      | Reached XP level 3. HP: 19/19 MP: 2/10
  1027 | D:2      | Learned a level 3 spell: Conjure Flame
  1608 | D:2      | Found a snail-covered altar of Cheibriados.
  1857 | D:3      | Reached XP level 4. HP: 24/24 MP: 5/11
  1863 | D:3      | Learned a level 4 spell: Sticky Flame
  1876 | D:3      | Reached skill level 4 in Spellcasting
  2124 | D:3      | Found an iron altar of Okawaru.
  2185 | D:3      | Noticed Natasha
  2190 | D:3      | Killed Natasha
  2358 | D:3      | Reached XP level 5. HP: 16/28 MP: 0/13
  2471 | D:3      | Noticed Natasha
  2477 | D:3      | Killed Natasha
  2835 | D:3      | Found a shadowy altar of Dithmenos.
  3075 | D:4      | Noticed Blork the orc
  3084 | D:4      | Killed Blork the orc
  3084 | D:4      | Reached XP level 6. HP: 27/32 MP: 4/15
  3175 | D:4      | Reached skill level 5 in Spellcasting
  3302 | D:4      | Noticed a slave
  3303 | D:4      | Reached skill level 5 in Conjurations
  3330 | D:4      | Killed a slave
  3674 | D:4      | Noticed a slave
  3675 | D:4      | Noticed a slave
  3676 | D:4      | Noticed Pikel
  3689 | D:4      | Noticed a slave
  3693 | D:4      | Killed a slave
  3815 | D:4      | Killed Pikel
  3815 | D:4      | Reached skill level 6 in Spellcasting
  3815 | D:4      | Reached skill level 5 in Fire Magic
  3815 | D:4      | Reached XP level 7. HP: 22/36 MP: 8/18
  4135 | D:4      | Learned a level 5 spell: Fireball
  4268 | D:4      | Reached XP level 8. HP: 41/41 MP: 8/20
  4842 | D:4      | Reached skill level 7 in Spellcasting
  4969 | D:4      | Found a runed door.
  4973 | D:4      | Noticed Crazy Yiuf
  4977 | D:4      | Killed Crazy Yiuf
  5054 | D:5      | Entered Level 5 of the Dungeon
  5213 | D:5      | Found a bloodstained altar of Trog.
  5381 | D:5      | Found a staircase to the Ecumenical Temple.
  5397 | Temple   | Entered the Ecumenical Temple
  5686 | D:5      | Found a white marble altar of Elyvilon.
  6027 | D:5      | Reached skill level 1 in Evocations
  6332 | D:6      | Found a shattered altar of Ashenzari.
  6729 | D:6      | Reached skill level 8 in Spellcasting
  6855 | D:6      | Reached XP level 9. HP: 45/45 MP: 15/23
  6857 | D:6      | Noticed Duvessa
  6862 | D:6      | Noticed Dowan
  6863 | D:6      | Killed Duvessa
  6868 | D:6      | Killed Dowan
  7134 | D:6      | Noticed Grinder
  7139 | D:6      | Killed Grinder
  7304 | D:6      | Noticed Menkaure
  7306 | D:6      | Killed Menkaure
  7566 | D:6      | Noticed Sigmund
  7569 | D:6      | Killed Sigmund
  7573 | D:6      | Found a basalt altar of Yredelemnul.
  7578 | D:6      | Found a radiant altar of Vehumet.
  7581 | D:6      | Became a worshipper of Vehumet
  8040 | D:7      | Reached skill level 10 in Conjurations
  8073 | D:7      | Found a glowing silver altar of Zin.
  8073 | D:7      | Found a shimmering altar of Xom.
  8073 | D:7      | Found a hazy altar of Hepliaklqana.
  8081 | D:7      | Reached skill level 9 in Spellcasting
  8176 | D:7      | Found a sacrificial altar of Ru.
  8350 | D:7      | Reached skill level 1 in Fighting
  8350 | D:7      | Reached skill level 1 in Armour
  8646 | D:7      | Found Berimew's Weapon Shop.
  8956 | D:7      | Reached * piety under Vehumet
  8956 | D:7      | Offered knowledge of Sting by Vehumet.
  9227 | D:7      | Reached XP level 10. HP: 53/53 MP: 10/25
  9319 | D:7      | Found a deep blue altar of Sif Muna.
  9455 | D:8      | Found Nupteja's Book Boutique.
 10041 | D:8      | Reached skill level 10 in Spellcasting
 10240 | D:8      | Reached ** piety under Vehumet
 10320 | D:8      | Offered knowledge of Magic Dart by Vehumet.
 11097 | D:9      | Offered knowledge of Searing Ray by Vehumet.
 11577 | D:9      | Noticed Erica
 11583 | D:9      | Killed Erica
 12164 | D:10     | Entered Level 10 of the Dungeon
 12185 | D:10     | Noticed Grum
 12194 | D:10     | Killed Grum
 12475 | D:10     | Reached *** piety under Vehumet
 12571 | D:10     | Noticed Gastronok
 12845 | D:10     | Reached skill level 11 in Spellcasting
 12845 | D:10     | Reached XP level 11. HP: 61/61 MP: 19/28
 12893 | D:10     | Noticed Nergalle
 12910 | D:10     | Noticed a spectral orc warlord
 13057 | D:10     | Killed Nergalle
 13263 | D:10     | Reached skill level 5 in Evocations
 13416 | D:10     | Offered knowledge of Mephitic Cloud by Vehumet.
 13691 | D:10     | Killed Gastronok
 13691 | D:10     | Reached skill level 10 in Fire Magic
 13826 | D:10     | Found Arisayd's Magic Scroll Shoppe.
 14521 | D:11     | Reached skill level 5 in Armour
 14551 | D:11     | Found a staircase to the Lair.
 14572 | D:11     | Noticed a two-headed ogre
 14578 | D:11     | Killed a two-headed ogre
 14578 | D:11     | Reached skill level 5 in Fighting
 14778 | D:11     | Noticed a purple ugly thing
 14786 | D:11     | Killed a purple ugly thing
 14786 | D:11     | Reached **** piety under Vehumet
 14786 | D:11     | Reached skill level 12 in Spellcasting
 15132 | Lair:1   | Entered Level 1 of the Lair of Beasts
 15315 | Lair:1   | Offered knowledge of Lee's Rapid Deconstruction by Vehumet.
 15496 | Lair:1   | Found a labyrinth entrance.
 15797 | Lair:1   | Reached XP level 12. HP: 69/69 MP: 17/30
 16640 | Lair:1   | Reached ***** piety under Vehumet
 16652 | Lair:1   | Offered knowledge of Bolt of Draining by Vehumet.
 17078 | Lair:2   | Reached skill level 13 in Spellcasting
 17514 | Lair:2   | Found a staircase to the Snake Pit.
 17532 | Lair:2   | Reached skill level 5 in Dodging
 17725 | Lair:2   | Found a runed gate.
 17983 | Lair:2   | Found a runed gate.
 18147 | Lair:2   | Found a runed gate.
 18174 | Lair:2   | Noticed viktor89's ghost (journeyman SpEn)
 18194 | Lair:2   | Killed viktor89's ghost
 19162 | Lair:3   | Reached skill level 14 in Spellcasting
 19962 | Lair:4   | Reached XP level 13. HP: 77/77 MP: 28/33
 20454 | Lair:4   | Found a staircase to the Shoals.
 20488 | Lair:4   | Noticed an entropy weaver
 20490 | Lair:4   | Offered knowledge of Force Lance by Vehumet.
 20815 | Lair:4   | Noticed an entropy weaver
 21174 | Lair:4   | Killed an entropy weaver
 21521 | Lair:4   | Killed an entropy weaver
 21964 | Lair:4   | Found a staircase to the Shoals.
 23265 | Lair:6   | Entered Level 6 of the Lair of Beasts
 23660 | D:8      | Bought a book of Clouds for 585 gold pieces
 23667 | D:8      | Learned a level 6 spell: Freezing Cloud
 23923 | Lair:6   | Reached skill level 1 in Ice Magic
 23936 | Lair:6   | Reached skill level 1 in Air Magic
 24334 | Lair:6   | Found a viscous altar of Jiyva.
 24334 | Lair:6   | Found a staircase to the Slime Pits.
 24814 | Lair:6   | Reached skill level 15 in Spellcasting
 25589 | Lair:6   | Reached XP level 14. HP: 62/84 MP: 18/35
 26400 | Lair:6   | Slain by a dire elephant

Vault maps used:
D:1:      evilmike_arrival_run_for_it
D:2:      lemuel_round_altar, first_ration
D:3:      grunt_dithmenos_smoke, okawaru_gym_becter, eino_tiny_chamber,
          minmay_randomly_rotated_circles, uniq_natasha
D:4:      uniq_pikel, uniq_blork_the_orc, uniq_crazy_yiuf_cottage
D:5:      kennysheep_little_box, lightli_temple_of_fire,
          minmay_temple_entry_junction_2, hangedman_glass_teeth
D:6:      minitemple, lemuel_doored_altar, gup_sewer_entry_spiral, uniq_duvessa,
          uniq_menkaure, uniq_sigmund, uniq_grinder
D:7:      kennysheep_mini_moat, marbit_many_paths,
          chequers_temple_overflow_statue_of_worship, serial_shops, shop
D:8:      lemuel_ratsnest, serial_shops, shop, serial_bayou_lagoon_a
D:9:      nrook_pool_corridor, uniq_erica
D:10:     serial_shops, shop, uniq_grum, uniq_gastronok, uniq_nergalle
D:11:     erik_lair_island
Temple:   compressed_dpeg_triangle_lava_temple
Lair:1:   lab_entry_generic, minivault_25, grunt_forest_large_clearings,
          grunt_megastairs_4, serial_bayou_shore_a
Lair:2:   guppyfry_snake_entry_garden, ebering_ghost_rock_garden
Lair:3:   lightli_volcano_entry_magma_tube
Lair:4:   minmay_shoals_entry_beasts, minmay_another_anthill,
          grunt_megastairs_1, lemuel_fruit_tree
Lair:6:   hangedman_lair_in_review, dpeg_slime_entry_enclosed_altar

Skill      XL: |  1  2  3  4  5  6  7  8  9 10 11 12 13 |
---------------+----------------------------------------+-----
Conjurations   | 2 3 4 6 7 9 10 11 | 11.4
Spellcasting   | 4 6 8 9 11 12 14 15 | 15.2
Fire Magic     | 4 5 6 7 8 9 10 | 10.0
Evocations     | 2 4 7 8 |  8.0
Fighting       | 1 4 5 7 8 |  8.8
Armour         | 1 4 5 |  5.9
Dodging        | 7 9 |  9.5
Ice Magic      | 3 |  3.9
Air Magic      | 3 |  3.3
Stealth        | |  2.4

Action                   |  1- 3 |  4- 6 |  7- 9 | 10-12 | 13-15 || total
-------------------------+-------+-------+-------+-------+-------++-------
Melee: Unarmed           |     2 |       |       |       |       ||     2
       Whip              |       |       |    51 |    62 |       ||   113
       Staff             |       |       |       |    21 |     9 ||    30
 Cast: Flame Tongue      |    49 |    84 |   108 |   263 |   107 ||   611
       Throw Flame       |    13 |    12 |    40 |   192 |    43 ||   300
       Sticky Flame      |       |     5 |    33 |   113 |    87 ||   238
       Conjure Flame     |       |     4 |     7 |    11 |     9 ||    31
       Fireball          |       |       |     8 |    76 |    42 ||   126
       Freezing Cloud    |       |       |       |       |     9 ||     9
Evoke: Wand              |       |       |     3 |     5 |       ||     8
       Staff of energy   |       |       |       |     9 |       ||     9
  Use: Scroll            |       |       |     9 |     4 |    11 ||    24
       Potion            |       |       |       |     2 |     1 ||     3
 Stab: Sleeping          |       |       |       |     1 |       ||     1
  Eat: Chunk             |     3 |     7 |    14 |    25 |    10 ||    59
       Ration            |       |       |     2 |     3 |     3 ||     8
Armor: Robe              |     1 |     5 |    16 |    77 |    20 ||   119
       Leather armour    |     1 |     4 |       |       |       ||     5
Dodge: Dodged            |     8 |    16 |    54 |   280 |   163 ||   521

Table legend:
 A = Non-vault XP
 B = Vault XP
 C = Vault XP percentage of total XP
 D = Non-vault monster count
 E = Vault monster count
 F = Vault count percentage of total count
                 A         B        C        D         E       F
            +---------+---------+-------+---------+---------+-------
      Total |   41050 |   28167 |  40.7 |     353 |     156 |  30.6
            +---------+---------+-------+---------+---------+-------
        D:1 |      27 |       5 |  15.6 |      17 |       1 |   5.6
        D:2 |      60 |       0 |   0.0 |      13 |       0 |   0.0
        D:3 |     180 |      46 |  20.4 |      22 |       7 |  24.1
        D:4 |     649 |     781 |  54.6 |      23 |       3 |  11.5
        D:5 |     360 |       0 |   0.0 |      12 |       0 |   0.0
        D:6 |    1018 |     899 |  46.9 |      30 |      10 |  25.0
        D:7 |    1481 |     122 |   7.6 |      24 |       1 |   4.0
        D:8 |    1366 |     267 |  16.4 |      37 |      34 |  47.9
        D:9 |    1358 |     918 |  40.3 |      13 |       1 |   7.1
       D:10 |    2203 |    3678 |  62.5 |      33 |       7 |  17.5
       D:11 |    2523 |     756 |  23.1 |      11 |       8 |  42.1
     Lair:1 |    4227 |    4085 |  49.1 |      18 |      34 |  65.4
     Lair:2 |    6505 |    1348 |  17.2 |      31 |       4 |  11.4
     Lair:3 |    2527 |     170 |   6.3 |      15 |       1 |   6.2
     Lair:4 |    3688 |    5776 |  61.0 |      22 |      24 |  52.2
     Lair:5 |    2437 |       0 |   0.0 |       7 |       0 |   0.0
     Lair:6 |   10441 |    9316 |  47.2 |      25 |      21 |  45.7
            +---------+---------+-------+---------+---------+-------
